Map: Wolfe Industries Compound

Players

Blubbel

  • Race: Terran Terran
  • League: Silver
  • Spawn Location: 7:00

zod

  • Race: Terran Terran
  • League: Silver
  • Spawn Location: 7:00

siks

  • Race: Protoss Protoss
  • Spawn Location: 12:00

Preventor

  • Race: Terran Terran
  • Spawn Location: 3:00

VOD

Have the link to the VOD?

Description

Time

  • Played on: Jan. 3, 2016, 8:53 a.m.
  • Length: 10:51
Show
View Real Time Build Order
Export as new Build Order

Blubbel Terran 

Build Orders:  

Get SALT Encoding   

  12  0:02  SCV  
  13  0:14  SCV  
  13  0:19  Supply Depot  
  14  0:30  SCV  
  15  0:37  Refinery  
  15  0:42  SCV  
  16  0:51  Barracks  
  16  0:54  SCV  
  17  1:06  SCV, Refinery  
  18  1:18  SCV  
  19  1:30  SCV  
  20  1:39  Supply Depot  
  20  1:43  SCV  
  20  1:45  Factory  
  21  1:50  Marine  
  22  1:55  SCV  
  23  2:07  SCV  
  23  2:08  Marine  
  24  2:10  Engineering Bay  
  25  2:19  SCV  
  26  2:30  Widow Mine  
  28  2:37  Orbital Command  
  28  2:38  Starport  
  28  2:40  Marine  
  29  3:06  Command Center  
  29  3:15  Medivac  
  31  3:29  Supply Depot  
  31  3:39  Terran Infantry Weapons Level 1  
  31  3:50  Marine, Widow Mine  
  34  4:08  Marine  
  34  4:19  SCV  
  32  4:31  SCV  
  31  4:52  Barracks  
  31  4:56  SCV  
  32  5:01  Missile Turret  
  32  5:04  SCV  
  33  5:08  SCV  
  33  5:10  Marine  
  35  5:16  SCV  
  35  5:18  Factory Tech Lab  
  35  5:20  SCV  
  37  5:23  Missile Turret  
  37  5:28  SCV, Marine  
  39  5:32  SCV  
  39  5:34  Armory, Terran Infantry Armor Level 1  
  40  5:40  SCV, Marine  
  42  5:45  Marine  
  43  5:52  SCV  
  44  5:59  Barracks Tech Lab  
  44  6:03  Marine  
  45  6:04  SCV  
  46  6:22  Engineering Bay  
  19  6:59  SCV  
  13  7:11  SCV  
  14  7:23  SCV  
  14  7:25  SCV  
  16  7:35  SCV  
  17  7:37  SCV  
  17  7:42  Missile Turret  
  18  7:46  Missile Turret  
  18  7:47  SCV  
  18  7:49  SCV  
  18  7:59  SCV  
  18  8:01  SCV  
  20  8:07  Siege Tank  
  20  8:11  SCV  
  24  8:14  SCV  
  25  8:24  SCV  
  21  8:36  SCV  
  22  8:48  SCV  
  23  8:54  Starport Reactor  
  23  9:00  SCV  
  24  9:12  SCV  
  24  9:14  SCV  
  26  9:24  SCV  
  26  9:26  SCV  
  28  9:31  Liberator x2  
  28  9:38  SCV  
  29  9:50  SCV  
  36  10:01  SCV  
  36  10:03  SCV  
  38  10:13  SCV  
  39  10:23  Marauder  
  39  10:24  Marine  
  39  10:25  SCV  
  39  10:27  Barracks  
Show
View Real Time Build Order
Export as new Build Order

zod Terran 

Build Orders: MMM Bio 

Get SALT Encoding   

  12  0:01  SCV  
  13  0:13  SCV  
  14  0:22  Supply Depot  
  14  0:25  SCV  
  15  0:34  Refinery  
  15  0:44  SCV  
  15  0:47  Barracks  
  16  1:02  SCV  
  17  1:14  SCV  
  18  1:28  Command Center  
  18  1:31  SCV  
  19  1:35  Marine  
  20  1:48  Orbital Command  
  20  1:57  Barracks Tech Lab  
  20  1:58  Refinery  
  20  2:13  Factory  
  20  2:17  Supply Depot  
  20  2:26  Engineering Bay  
  20  2:30  Marine  
  21  2:41  SCV x2  
  23  2:53  SCV x2  
  23  2:55  Terran Infantry Weapons Level 1  
  25  2:58  Widow Mine  
  25  3:05  Missile Turret  
  27  3:07  Marine  
  28  3:18  Orbital Command  
  28  3:25  Refinery  
  28  3:27  Refinery  
  22  3:53  Marine  
  21  4:11  SCV x2, Barracks, Marine  
  24  4:23  SCV x2  
  26  4:29  Marine  
  27  4:35  SCV x2  
  28  4:47  SCV x2, Barracks  
  30  4:59  SCV x2  
  32  5:06  Factory Tech Lab  
  32  5:09  Starport  
  32  5:10  Barracks Tech Lab  
  32  5:11  SCV x2  
  32  5:12  Terran Infantry Armor Level 1  
  34  5:14  Combat Shields  
  34  5:20  Marine  
  35  5:23  SCV x2  
  35  5:27  Siege Tank  
  40  5:35  Armory  
  40  5:36  Barracks Reactor  
  40  5:38  Marine  
  40  5:40  SCV x2  
  43  5:46  Missile Turret  
  43  5:50  Medivac  
  43  5:55  Marine  
  46  6:04  Starport  
  46  6:20  Supply Depot  
  46  6:24  Starport Tech Lab  
  46  6:34  Stimpack  
  46  6:41  Marine x4  
  46  6:43  Missile Turret  
  50  6:59  Marine x4  
  54  7:01  Starport Tech Lab  
  54  7:22  Supply Depot  
  54  7:26  Viking, Marine x2  
  54  7:27  SCV x2, Marine x2  
  62  7:34  Hi-Sec Auto Tracking  
  62  7:44  SCV x2  
  64  7:45  Supply Depot, Marauder x2  
  68  7:56  Viking  
  68  8:06  Marauder  
  61  8:35  Concussive Shells  
  61  8:38  Marine x2  
  61  8:39  Marauder x2  
  59  8:56  Marine x2  
  59  8:57  Medivac x2  
  59  9:00  Marauder, Marine  
  68  9:10  Siege Tank  
  68  9:14  Marine x2  
  73  9:18  Marine  
  73  9:21  Marine  
  75  9:27  Medivac  
  77  9:32  Marine  
  77  9:34  Supply Depot  
  78  9:40  Supply Depot  
  78  9:42  Supply Depot  
  78  9:47  Supply Depot  
  78  9:56  Medivac, Siege Tank, Marine x3  
  86  10:01  Marine  
  86  10:02  SCV, Medivac  
  86  10:04  Supply Depot  
  88  10:14  Marine x3  
  91  10:20  Marauder  
  98  10:31  Marine x3  
Show
View Real Time Build Order
Export as new Build Order

siks Protoss 

Build Orders:  

Get SALT Encoding   

  12  0:01  Probe (Chrono Boost)  
  13  0:12  Probe (Chrono Boost)  
  14  0:19  Pylon  
  14  0:22  Probe (Chrono Boost)  
  15  0:37  Probe (Chrono Boost)  
  15  0:41  Gateway  
  16  0:45  Assimilator  
  16  0:47  Probe (Chrono Boost)  
  17  0:58  Probe (Chrono Boost)  
  17  1:03  Gateway  
  18  1:08  Probe (Chrono Boost)  
  19  1:18  Assimilator  
  19  1:20  Pylon  
  19  1:24  Probe (Chrono Boost)  
  20  1:34  Cybernetics Core  
  20  1:35  Probe (Chrono Boost)  
  21  1:45  Probe (Chrono Boost)  
  22  2:06  Nexus  
  22  2:13  Mothership Core (Chrono Boost)  
  24  2:16  Warp Gate  
  24  2:22  Adept  
  26  2:29  Adept  
  28  2:40  Pylon  
  28  2:46  Probe (Chrono Boost)  
  29  2:53  Adept  
  32  2:58  Probe (Chrono Boost)  
  32  3:08  Pylon  
  32  3:09  Probe (Chrono Boost)  
  33  3:19  Probe (Chrono Boost)  
  34  3:21  Probe (Chrono Boost)  
  35  3:30  Probe (Chrono Boost)  
  35  3:31  Probe (Chrono Boost)  
  37  3:36  Stargate  
  37  3:40  Probe (Chrono Boost)  
  38  3:51  Probe x2 (Chrono Boost)  
  38  3:55  Pylon  
  40  3:56  Pylon  
  40  4:02  Probe x2 (Chrono Boost)  
  42  4:12  Probe (Chrono Boost)  
  39  4:41  Adept x2  
  39  4:42  Oracle (Chrono Boost)  
  39  4:44  Probe (Chrono Boost)  
  39  4:45  Probe  
  45  4:52  Assimilator  
  46  4:54  Probe, Assimilator  
  46  4:57  Probe  
  48  5:02  Pylon  
  48  5:04  Gateway  
  48  5:06  Gateway  
  48  5:07  Pylon  
  48  5:08  Adept  
  48  5:09  Probe  
  54  5:14  Oracle (Chrono Boost)  
  54  5:18  Robotics Facility  
  54  5:45  Gateway  
  54  5:47  Gateway  
  54  5:50  Gateway x2  
  51  6:55  Adept x2  
  51  6:56  Adept x3  
  51  6:57  Adept x3  
  63  7:18  Adept x4  
  63  7:19  Adept x3  
  63  7:20  Adept  
  79  7:23  Observer (Chrono Boost)  
  80  7:52  Nexus  
  80  7:56  Assimilator  
  80  7:59  Assimilator  
  80  8:04  Stalker x2  
  80  8:05  Stalker x3, Pylon  
  88  8:06  Stalker x2  
  88  8:09  Pylon  
  88  8:11  Pylon  
  94  8:14  Pylon  
  94  8:17  Pylon  
  94  8:39  Stalker x6  
  94  8:40  Stalker x2  
  110  8:57  Immortal (Chrono Boost)  
  114  9:06  Stalker, Pylon  
  114  9:07  Stalker x2, Pylon  
  114  9:08  Stalker, Pylon  
  122  9:10  Pylon  
  122  9:16  Twilight Council  
  126  9:31  Immortal (Chrono Boost)  
  126  9:46  Stalker x4  
  126  9:47  Stalker x2  
Show
View Real Time Build Order
Export as new Build Order

Preventor Terran 

Build Orders:  

Get SALT Encoding   

  12  0:01  SCV  
  13  0:13  SCV  
  14  0:20  Supply Depot  
  14  0:25  SCV  
  15  0:50  Barracks  
  15  0:51  SCV  
  15  0:54  Refinery  
  16  1:03  SCV  
  17  1:07  Barracks  
  17  1:15  SCV  
  18  1:27  SCV  
  18  1:29  Refinery  
  19  1:35  Barracks  
  19  1:40  Supply Depot  
  20  1:51  Reaper  
  20  1:58  Reaper  
  21  2:02  SCV  
  22  2:14  SCV  
  23  2:22  Reaper  
  24  2:23  Reaper  
  24  2:26  SCV  
  24  2:27  Supply Depot  
  26  2:38  SCV  
  26  2:43  Factory  
  27  2:54  Marine x2  
  27  2:55  Marine  
  30  3:12  Marine x2  
  32  3:13  Marine  
  33  3:29  Starport  
  33  3:30  Marine x2  
  33  3:31  Marine  
  35  4:01  Marine x3  
  35  4:13  Factory Tech Lab  
  35  4:15  Starport Reactor  
  35  4:32  Command Center  
  35  4:35  Supply Depot  
  35  4:37  Liberator  
  35  4:40  Liberator  
  35  4:54  Supply Depot  
  35  4:58  Siege Tank  
  35  4:59  Marine  
  44  5:00  Marine x2  
  47  5:09  Supply Depot  
  47  5:17  Marine x2  
  47  5:18  Marine  
  50  5:30  Siege Tank  
  50  5:35  Marine  
  53  5:37  Barracks  
  54  5:50  Medivac  
  56  6:10  Medivac  
  58  6:20  Medivac  
  60  6:40  Marine x3  
  63  6:58  Marine x3  
  66  7:15  Marine  
  66  7:16  Marine x2  
  66  7:18  Orbital Command  
  69  7:42  Marine  
  69  7:43  Marine x2  
  72  8:00  Marine x2  
  72  8:01  Marine  
  70  8:37  Liberator  
  67  8:49  Marine x2  
  67  8:50  Marine  
  67  8:53  Siege Tank  
  76  9:01  Supply Depot  
  76  9:05  Liberator  
  76  9:07  Marine  
  77  9:14  Refinery  
  77  9:20  Liberator  
  80  9:25  Siege Tank  
  86  10:07  Supply Depot  
  86  10:12  Supply Depot  
  86  10:28  Marine x3  
  86  10:31  Supply Depot  
  89  10:36  Supply Depot  
Tags
 
Add a new tag
Caveats
  • Supply blocks, unpowered buildings, or Contaminate may cause inaccurate times.
  • Supply counts are checked every 10 seconds.